 Dungeon Crawl Stone Soup version 0.29-a0-830-gcb1280458a (webtiles) character file.

Game seed: 6505209674296012789

54 LynnLen the Sneak (level 3, 0/20 HPs)
             Began as a Vampire Enchanter on July 11, 2022.
             Slain by a goblin
             ... wielding a +0 dagger
             ... led by Robin
              (2 damage)
             ... on level 2 of the Dungeon.
             The game lasted 00:04:40 (1583 turns).

LynnLen the Sneak (Vampire Enchanter)               Turns: 1583, Time: 00:04:41

Health: 0/20       AC:  3    Str:  7    XL:     3   Next: 66%
Magic:  6/6        EV: 12    Int: 17    God:
Gold:   33         SH:  0    Dex: 16    Spells: 6/6 levels left

rFire   . . .      SeeInvis +   a - +1 dagger
rCold   + + .      Faith    .   (no shield)
rNeg    + + +      Spirit   .   d - +0 leather armour
rPois   ∞          Reflect  .   (no helmet)
rElec   .          Harm     .   (no cloak)
rCorr   .          Rampage  .   (no gloves)
Will    .....                   (no boots)
Stlth   +++++.....              (no amulet)
HPRegen 0.00/turn               (no ring)
MPRegen 0.10/turn               (no ring)

@: bloodless, inhibited regen
A: bloodless, fangs 3, see invisible, vampiric 2
a: Bat Form, Revivify


You were on level 2 of the Dungeon.
You visited 1 branch of the dungeon, and saw 2 of its levels.

You collected 33 gold pieces.

Inventory:

Hand Weapons
 a - a +1 dagger (weapon)
Missiles
 f - 12 stones (quivered)
Armour
 d - a +0 leather armour (worn)
Scrolls
 e - 2 scrolls of identify
Potions
 c - 2 potions of invisibility


   Skills:
 * Level 1.0 Fighting
 * Level 2.3 Short Blades
 + Level 2.6 Dodging
 + Level 5.6 Stealth
 - Level 2.0 Spellcasting
 - Level 4.4 Hexes


You had 6 spell levels left.
You didn't know any spells.
Your spell library contained the following spells:

 Spells                   Type           Power      Damage    Failure   Level
 Confusing Touch          Hex            16%        N/A       14%         3
 Tukima's Dance           Hex            16%        N/A       14%         3
 Ensorcelled Hibernation  Hex/Ice        18%        N/A       19%         2
 Dazzling Flash           Conj/Hex       18%        N/A       34%         3
 Fireball                 Conj/Fire      0%         3d3       100%        5
 Iskenderun's Battlesphe  Conj           1%         2d6       100%        5
 Conjure Ball Lightning   Conj/Air       0%         3x3d6     100%        6
 Orb of Destruction       Conj           0%         9d5       100%        7


Dungeon Overview and Level Annotations

Branches:
Dungeon (2/15)

Altars:

Annotations:
D:2 Robin


Innate Abilities, Weirdness & Mutations

You do not regenerate when monsters are visible.
You are frail without blood (-20% HP).
You can heal yourself when you bite living creatures.
You are immune to poison.
You have razor-sharp teeth.
You have supernaturally acute eyesight. (SInv)
You are afflicted with vampirism and can become a bat while bloodless.


Message History

The goblin hits you but does no damage.
The hobgoblin hits you but does no damage.
The goblin barely misses you. The goblin hits you with a +0 dagger.
The goblin barely misses you.
A goblin comes into view. It is wielding a +0 dagger.
The goblin moves out of view.
Items here: )) ††.
The goblin shouts!
You hit the goblin.
You kill the goblin!
The goblin closely misses you. The hobgoblin closely misses you.
The goblin closely misses you. The goblin hits you with a +0 dagger.
You flicker for a moment.
The goblin hits you with a +0 dagger.
Items here: $ ( ) †.
You closely miss Robin. The goblin closely misses you.
The hobgoblin closely misses you. The goblin barely misses you.
Robin hits you with a +0 mace. The goblin hits you but does no damage.
A goblin comes into view. It is wielding a +0 club.
You barely miss Robin. The goblin closely misses you. The hobgoblin misses you.
The goblin closely misses you. The goblin hits you with a +0 dagger.
* * * LOW HITPOINT WARNING * * *
Robin hits you with a +0 mace.
* * * LOW HITPOINT WARNING * * *
The goblin shouts!
You hit Robin but do no damage. Your bite misses Robin.
The goblin closely misses you. The hobgoblin misses you.
The goblin barely misses you.
Okay, then.
Okay, then.
Robin misses you.
You see here a scroll labelled MOAN VAENUSH.
You flicker back into view.
The hobgoblin attacks as you move away!
The hobgoblin hits you but does no damage.
The hobgoblin attacks as you move away! The hobgoblin hits you.
* * * LOW HITPOINT WARNING * * *
The goblin attacks as you move away! The goblin barely misses you.
The goblin attacks as you move away! The goblin hits you with a +0 dagger.
You die...

#.############# #....
.gg...........#########.
###.))..........#####
#.g.g....#..###.#....
#........##.# #.#....
####...g....##..##.#....
.......gg...............
#####(ggg.....#.#.##..†.
#..@......#.#.##....
#.........#.#.##....
##.##.....#.#.###### #.
.....#......# #.
.....#......# #.
######......# #.
#........# #. #........#
#.....####


You could see Robin (wandering), 2 hobgoblins and 5 goblins.

Vanquished Creatures
  An adder (D:2)
  2 dart slugs (D:1)
  2 ball pythons (D:1)
  5 endoplasms
  2 giant cockroaches (D:1)
  7 goblins
  3 hobgoblins (D:1)
  2 quokkas (D:1)
  5 bats
  3 frilled lizards
  5 rats (D:1)
37 creatures vanquished.

Vanquished Creatures (others)
  A fungus (D:2)
  A plant (D:2)
2 creatures vanquished.

Grand Total: 39 creatures vanquished

Notes
Turn   | Place    | Note
-------+----------+-------------------------------------------
     0 | D:1      | LynnLen the Vampire Enchanter began the quest for the Orb.
     0 | D:1      | Reached XP level 1. HP: 13/13 MP: 3/3
   286 | D:1      | Reached XP level 2. HP: 16/16 MP: 5/5
   324 | D:1      | Reached skill level 5 in Stealth
   838 | D:1      | Gained mutation: You are afflicted with vampirism and can
                  | become a bat while bloodless. [Vampire growth]
   838 | D:1      | Reached XP level 3. HP: 11/20 MP: 6/6
  1477 | D:2      | Reached skill level 1 in Fighting
  1564 | D:2      | Noticed Robin
  1583 | D:2      | Slain by a goblin

Illustrated notes

Levels and vault maps discovered:
D:1:      dpeg_arrival_simpleton_b, layout_basic, minmay_misc_feat_room
D:2:      layout_basic, shapermc_ecumenical_altar_petra, minmay_heptomino_h4,
          uniq_robin, uniq_jessica

Skill      XL: |  1  2  3 |
---------------+----------+-----
Stealth        | 5 |  5.6
Short Blades   | 2 |  2.3
Fighting       | 1 |  1.0
Dodging        | |  2.6
Spellcasting   | |  2.0
Hexes          | |  4.4

Action                   || total
-------------------------++-------
Melee: Dagger            ||    96
       Bite              ||     6
 Abil: Exsanguinate      ||     1
  Use: Potion            ||     3
       Scroll            ||     1
 Stab: Sleeping          ||    18
Armor: Robe              ||    14
       Leather armour    ||     8
Dodge: Dodged            ||    72

Table legend: (Time is in decaauts)
 A = Elapsed time spent in this place.
 B = Non-inter-level travel time spent in this place.
 C = Inter-level travel time spent in this place.
 D = Time resting spent in this place.
 E = Time spent auto-exploring this place.
 F = Levels seen in this place.
 G = Mean time per level.
                   A        B        C        D        E       F      G
               +--------+--------+--------+--------+--------+-----+--------+
         Total |   1574 |   1574 |      0 |      0 |   1047 |   2 |  787.0 |
       Dungeon |   1574 |   1574 |      0 |      0 |   1047 |   2 |  787.0 |
               +--------+--------+--------+--------+--------+-----+--------+

Top non-repeatable levels by time:
     D:1: 1383 daAuts
     D:2: 191 daAuts
